 Dungeon Crawl Stone Soup version 0.21.1-1-g345015fe64 (webtiles) character file.

51 HeroTen the Bolt Thrower (level 3, -14/28 HPs)
             Began as a Centaur Arcane Marksman on June 20, 2018.
             Killed from afar by a quokka (36 damage)
             ... with an exploding inner flame
             ... hexed by the player character
             ... on level 2 of the Dungeon.
             The game lasted 00:05:17 (1348 turns).

HeroTen the Bolt Thrower (Centaur Arcane Marksman)  Turns: 1348, Time: 00:05:18

Health: -14/28     AC:  4    Str: 12    XL:     3   Next: 57%
Magic:  1/5        EV: 10    Int: 13    God:
Gold:   43         SH:  0    Dex:  9    Spells: 0/4 levels left

rFire    . . .     SeeInvis .   a - +0 hand crossbow
rCold    . . .     Gourm    .   (no shield)
rNeg     . . .     Faith    .   e - +0 robe
rPois    .         Spirit   .   (no helmet)
rElec    .         Reflect  .   (no cloak)
rCorr    .         Harm     .   (no gloves)
MR       .....                  (no barding)
Stlth    +.........             (no amulet)
HPRegen  0.09/turn              (no ring)
MPRegen  0.09/turn              (no ring)

@: very quick
A: large, hooves 3, deformed body, speed 2, tough skin 3
a: no special abilities


You were on level 2 of the Dungeon.
You were not hungry.

You visited 1 branch of the dungeon, and saw 2 of its levels.

You collected 43 gold pieces.

Inventory:

Hand Weapons
 a - a +0 hand crossbow (weapon)
 h - a +0 club
 i - a +0 short sword
 k - a +0 mace
 m - a +0 mace
Missiles
 d - 19 bolts (quivered)
Armour
 e - a +0 robe (worn)
Scrolls
 g - a scroll of identify {unknown}
 j - a scroll of teleportation {unknown}
 n - a scroll of amnesia {unknown}
 o - a scroll of blinking {unknown}
Potions
 b - a potion of might {unknown}
 l - a potion of magic {unknown}
Books
 c - a book of Debilitation

   Spells                             Type                      Level
   a - Corona                         Hexes                        1
   b - Slow                           Hexes                        2
   c - Inner Flame                    Hexes/Fire                   3
   d - Portal Projectile              Hexes/Translocation          3
   e - Cause Fear                     Hexes                        4
   f - Leda's Liquefaction            Hexes/Earth                  4
Comestibles
 f - 3 rations


   Skills:
 + Level 1.1 Fighting
 + Level 3.3 Crossbows
 + Level 1.5 Dodging
 + Level 1.3 Spellcasting
 + Level 3.2 Hexes


You couldn't memorise any spells.
You knew the following spells:

 Your Spells              Type           Power        Failure   Level  Hunger
a - Corona                Hex            #......      8%          1    ##.....
b - Inner Flame           Hex/Fire       #.......     38%         3    ####...


Dungeon Overview and Level Annotations

Branches:
Dungeon (2/15)

Altars:


Innate Abilities, Weirdness & Mutations

You have hooves in place of feet.
Armour fits poorly on your strangely shaped body.
You cover ground very quickly.
You have extremely tough skin. (AC +3)


Message History

Press: ? - help, Shift-Dir - straight line, f/p - quokka
Aim: a quokka (softly glowing, inner flame)
You shoot a bolt. The bolt hits the quokka.
The quokka is heavily wounded.
The quokka closely misses you. The quokka bites you.
Firing (i - inventory):
d - 20 bolts (quivered)
Press: ? - help, Shift-Dir - straight line, f/p - quokka
Aim: a quokka (heavily wounded, softly glowing, inner flame)
You shoot a bolt.
The bolt hits the quokka but does no damage.
The quokka is heavily wounded.
The quokka bites you.
Firing (i - inventory):
d - 19 bolts (quivered)
Press: ? - help, Shift-Dir - straight line, f/p - quokka
Aim: a quokka (heavily wounded, softly glowing, inner flame)
You shoot a bolt. The bolt hits the quokka!
The quokka explodes!
The fiery explosion engulfs you!
Ouch! That really hurt!
You die...

##.### ...(#
# #.#.## #.
....##
#.##....####
#...§§§....+
#.#§§§.#
#.§@§#
##.### #.#
#.# #.# #.#
##.#####
#......#
#..###.#


There were no monsters in sight!

Vanquished Creatures
  Jessica (D:2)
  2 dart slugs (D:1)
  A leopard gecko (D:1)
  3 giant cockroaches (D:1)
  2 goblins (D:1)
  A hobgoblin (D:1)
  2 kobolds (D:1)
  A quokka (D:2)
  2 bats (D:1)
  2 frilled lizards (D:1)
  4 rats (D:1)
21 creatures vanquished.

Notes
Turn   | Place    | Note
-------+----------+-------------------------------------------
     0 | D:1      | HeroTen the Centaur Arcane Marksman began the quest for the Orb.
     0 | D:1      | Reached XP level 1. HP: 16/16 MP: 2/2
   359 | D:1      | Reached XP level 2. HP: 15/23 MP: 1/3
  1028 | D:2      | Noticed Jessica
  1034 | D:2      | Killed Jessica
  1034 | D:2      | Reached XP level 3. HP: 10/28 MP: 2/5
  1341 | D:2      | Learned a level 3 spell: Inner Flame
  1348 | D:2      | Killed from afar by a quokka

Skill      XL: |  1  2 |
---------------+-------+-----
Hexes          | 3 |  3.2
Crossbows      | 3 |  3.3
Fighting       | |  1.1
Dodging        | |  1.5
Spellcasting   | |  1.3

Action                   || total
-------------------------++-------
Melee: Short sword       ||     3
 Fire: Hand crossbow     ||    54
 Cast: Corona            ||    17
       Inner Flame       ||     1
  Eat: Ration            ||     1
Armor: Robe              ||    19
Dodge: Dodged            ||    22
